 Dungeon Crawl Stone Soup version 0.29.1-13-g9f3cf754e1 (webtiles) character file.

Game seed: 433065951694377072

156 khekkus the Chopper (level 5, -2/47 HPs)
             Began as a Hill Orc Fighter on Jan 25, 2023.
             Slain by Natasha (6 damage)
             ... on level 3 of the Dungeon.
             The game lasted 00:05:57 (2498 turns).

khekkus the Chopper (Hill Orc Fighter)              Turns: 2498, Time: 00:05:57

Health: -2/47      AC:  6    Str: 21    XL:     5   Next: 38%
Magic:  5/5        EV:  6    Int:  8    God:
Gold:   107        SH:  4    Dex: 10    Spells: 4/4 levels left

rFire   . . .      SeeInvis .   a - +1 war axe
rCold   . . .      Faith    .   c - +0 buckler
rNeg    . . .      Spirit   .   b - +0 scale mail
rPois   .          Reflect  .   (no helmet)
rElec   .          Harm     .   (no cloak)
rCorr   .          Rampage  .   (no gloves)
Will    .....                   (no boots)
Stlth   ..........              (no amulet)
HPRegen 0.15/turn               (no ring)
MPRegen 0.09/turn               (no ring)

@: weak-willed, grasped by roots, slowed, constricted, very slow
A: no striking features
a: no special abilities


You were on level 3 of the Dungeon.
You visited 1 branch of the dungeon, and saw 3 of its levels.

You collected 107 gold pieces.

Inventory:

Hand Weapons
 a - a +1 war axe (weapon)
Missiles
 g - 28 stones (quivered)
Armour
 b - a +0 scale mail (worn)
 c - a +0 buckler (worn)
Wands
 l - a wand of roots (13)
Scrolls
 j - a scroll of enchant armour {unknown}
 k - a scroll of blinking
Potions
 e - a potion of flight
 f - 2 potions of haste
 h - a potion of curing
 i - 2 potions of brilliance


   Skills:
 + Level 4.7 Fighting
 * Level 5.5 Axes
 + Level 1.7 Throwing
 - Level 3.2 Armour
 - Level 3.2 Shields


You had 4 spell levels left.
You didn't know any spells.
Your spell library contained the following spells:

 Spells                   Type           Power      Damage    Failure   Level
 Slow                     Hex            0%         N/A       83%         1
 Sublimation of Blood     Necr           0%         N/A       93%         2
 Wereblood                Tmut           0%         N/A       93%         2
 Confusing Touch          Hex            0%         N/A       99%         3
 Dazzling Flash           Conj/Hex       0%         N/A       99%         3
 Vampiric Draining        Necr           0%         2d6       99%         3
 Iskenderun's Mystic Bla  Conj/Tloc      0%         2d3       100%        4
 Yara's Violent Unravell  Hex/Tmut       0%         3d3       100%        5
 Starburst                Conj/Fire      0%         6d3       100%        6
 Enfeeble                 Hex            0%         N/A       100%        7
 Summon Hydra             Summ           0%         N/A       100%        7


Dungeon Overview and Level Annotations

Branches:
Dungeon (3/15)

Altars:
Yredelemnul

Shops:
D:1 [

Annotations:
D:3 Natasha


Message History

The crimson imp hits you but does no damage.
You escape the roots grasp.
The grasping roots constrict Natasha.
The grasping roots constrict the crimson imp.
The roots release their grip on Natasha.
The roots release their grip on the crimson imp.
The crimson imp blinks!
Okay, then.
Natasha stares at you and mumbles some strange words.
You feel yourself slow down.
You barely miss Natasha.
Natasha is heavily wounded.
Natasha barely misses you. You block Natasha's attack.
You completely miss Natasha.
Natasha is heavily wounded.
Natasha zaps a wand.
The roots erupt in riotous growth!
The grasping roots grab you!
Natasha is unaffected.
The grasping roots constrict you. Natasha claws you.
The grasping roots constrict you.
You are too injured to fight recklessly!
You are too injured to fight recklessly!
You closely miss Natasha.
Natasha is heavily wounded.
The crimson imp blinks!
You block Natasha's attack. The grasping roots constrict you.
* * * LOW HITPOINT WARNING * * *
Natasha claws you!
* * * LOW HITPOINT WARNING * * *
The grasping roots constrict you.
* * * LOW HITPOINT WARNING * * *
The grasping roots release their grip on you.
As you read the scroll labelled HUKKOH XYSTRAUNNE, it crumbles to dust.
Magic quickly surges around you.
It was a scroll of vulnerability.
Natasha zaps a wand.
The roots erupt in riotous growth!
The grasping roots grab you!
Natasha is unaffected.
The grasping roots constrict you.
* * * LOW HITPOINT WARNING * * *
You barely miss Natasha.
Natasha is heavily wounded.
Natasha claws you.
You die...

K.. .>S #.# ..#
# ##$. # ..# #
#.# # #####.##
# #..@hS.######
#
##.###......##
# #.#
######..#######
..# #..........
####
#..........
#..........
#..........
#..........
#..........


You could see Natasha (weak-willed) and an adder (weak-willed).

Vanquished Creatures
  Terence (D:3)
  Natasha (D:3)
  3 adders (D:2)
  2 adder zombies (D:3)
  A worm (D:2)
  2 dart slugs
  An orc (D:2)
  8 ball pythons
  3 endoplasms
  5 giant cockroaches
  7 goblins
  3 hobgoblins (D:1)
  8 jackals
  3 quokkas
  4 frilled lizards
  2 giant cockroach zombies (D:3)
  5 kobolds
  2 rats
61 creatures vanquished.

Notes
Turn   | Place    | Note
-------+----------+-------------------------------------------
     0 | D:1      | khekkus the Hill Orc Fighter began the quest for the Orb.
     0 | D:1      | Reached XP level 1. HP: 19/19 MP: 1/1
    41 | D:1      | Reached skill level 3 in Axes
    83 | D:1      | Reached XP level 2. HP: 20/27 MP: 2/2
   416 | D:1      | Found Cyptaf's Armour Emporium.
   596 | D:1      | Found a faded altar of an unknown god.
   733 | D:1      | Reached XP level 3. HP: 33/33 MP: 3/3
   774 | D:1      | Reached skill level 4 in Axes
  1124 | D:2      | Reached skill level 1 in Throwing
  1124 | D:2      | Reached XP level 4. HP: 40/40 MP: 4/4
  2124 | D:3      | Found a basalt altar of Yredelemnul.
  2158 | D:3      | Noticed Natasha
  2165 | D:3      | Killed Natasha
  2166 | D:3      | Reached skill level 5 in Axes
  2166 | D:3      | Reached XP level 5. HP: 45/47 MP: 5/5
  2261 | D:3      | Noticed Terence
  2268 | D:3      | Killed Terence
  2474 | D:3      | Noticed Natasha
  2498 | D:3      | Slain by Natasha

Illustrated notes

Levels and vault maps discovered:
D:1:      heliophobic_arrival_henge, layout_basic, serial_shops, shop,
          hellmonk_ecumenical_altar_blasted
D:2:      layout_basic, grunt_ministairs_4
D:3:      layout_basic, nicolae_yredelemnul_corpse_copse, uniq_natasha,
          uniq_terence

Skill      XL: |  1  2  3  4 |
---------------+-------------+-----
Axes           | 3 4 5 |  5.5
Fighting       | 4 |  4.7
Throwing       | 1 |  1.7
Armour         | |  3.2
Shields        | |  3.2

Action                   |  1- 3 |  4- 6 || total
-------------------------+-------+-------++-------
Melee: War axe           |    72 |    83 ||   155
Evoke: Wand              |       |     1 ||     1
  Use: Scroll            |       |     8 ||     8
       Potion            |       |     1 ||     1
Armor: Scale mail        |    41 |    31 ||    72
Dodge: Dodged            |    34 |    43 ||    77
Block: Buckler           |    12 |    22 ||    34
